 Dungeon Crawl Stone Soup version 0.28-a0-622-gbaef9634d7 (webtiles) character file.

Game seed: 4891935096334713827

343 zxkuqyb the Firebug (level 6, -2/32 HPs)
             Began as a Deep Elf Fire Elementalist on Oct 7, 2021.
             Slain by a goblin (3 damage)
             ... led by Robin
             ... on level 3 of the Dungeon.
             The game lasted 00:10:40 (2854 turns).

zxkuqyb the Firebug (Deep Elf Fire Elementalist)    Turns: 2854, Time: 00:10:40

Health: -2/32      AC:  3    Str:  5    XL:     6   Next: 31%
Magic:  8/14       EV: 13    Int: 22    God:
Gold:   106        SH:  0    Dex: 15    Spells: 8/14 levels left

rFire   . . .      SeeInvis .   b - +0 whip
rCold   . . .      Faith    .   (no shield)
rNeg    . . .      Spirit   .   a - +1 robe
rPois   .          Reflect  .   (no helmet)
rElec   .          Harm     .   (no cloak)
rCorr   .          Rampage  .   (no gloves)
Will    .....                   (no boots)
Stlth   ++........              (no amulet)
HPRegen 0.10/turn               (no ring)
MPRegen 0.14/turn               (no ring)

@: no status effects
A: no striking features
a: no special abilities


You were on level 3 of the Dungeon.
You visited 1 branch of the dungeon, and saw 3 of its levels.

You collected 128 gold pieces.
You spent 22 gold pieces at shops.

Inventory:

Hand Weapons
 b - a +0 whip (weapon)
Missiles
 l - 5 atropa-tipped darts (quivered)
Armour
 a - a +1 robe (worn)
Wands
 i - a wand of flame (19)
Scrolls
 d - 2 scrolls of enchant armour
 e - a scroll of immolation {unknown}
 h - 3 scrolls of noise {unknown}
 j - 2 scrolls of teleportation {unknown}
Potions
 c - 2 potions of resistance
 f - a potion of degeneration {unknown}
 g - a potion of flight {unknown}
 k - a potion of heal wounds {unknown}
 m - a potion of invisibility {unknown}


   Skills:
 + Level 4.0 Dodging
 - Level 2.4 Stealth
 + Level 4.6 Spellcasting
 * Level 4.1 Conjurations
 * Level 5.1 Fire Magic


You had 8 spell levels left.
You knew the following spells:

 Your Spells              Type           Power      Damage    Failure   Level
a - Foxfire               Conj/Fire      100%       2x1d9     1%          1
b - Scorch                Fire           54%        2d7       1%          2
c - Conjure Flame         Conj/Fire      25%        6-21      4%          3

Your spell library contained the following spells:

 Spells                   Type           Power      Damage    Failure   Level
 Inner Flame              Hex/Fire       16%        N/A       11%         3
 Flame Wave               Conj/Fire      25%        3d6       16%         4


Dungeon Overview and Level Annotations

Branches:
Dungeon (3/15)

Altars:

Shops:
D:2 ?

Annotations:
D:3 Robin


Message History

The fire begins to smoulder!
The goblin barely misses you.
Robin points. "Kill!"
Robin roars a battlecry!
The goblins go into a battle-frenzy!
The goblin hits you with a +0 club.
You hear an angry hiss.
You smother the flame.
Casting: Conjure Flame (dangerous; 4% risk of failure)
Confirm with . or Enter, or press ? or * to list all spells.
Flames lash the goblin.
You kill the goblin!
You hear a shout!
A goblin comes into view. It is wielding a +0 club.
The goblin barely misses you.
You hear an angry hiss.
Casting: Scorch (safe; 1% risk of failure)
Confirm with . or Enter, or press ? or * to list all spells.
Flames lash the goblin.
You kill the goblin!
The hobgoblin hits you. Robin throws the goblin at you!
The goblin hits you with a +0 club. The goblin completely misses you.
Unknown command.
You hit the goblin.
You kill the goblin!
The hobgoblin closely misses you. Robin throws the goblin at you!
The goblin barely misses you. The goblin hits you but does no damage.
You closely miss the goblin. The hobgoblin barely misses you.
The goblin hits you with a +0 club. The goblin hits you with a +0 dagger.
The hobgoblin hits you.
* * * LOW HITPOINT WARNING * * *
Unknown command.
Okay, then.
As you read the scroll labelled SYCABU BYG, it crumbles to dust.
It is a scroll of enchant armour.
Your +0 robe glows green for a moment.
Robin throws the goblin at you!
* * * LOW HITPOINT WARNING * * *
The goblin hits you with a +0 club.
* * * LOW HITPOINT WARNING * * *
The goblin misses you. The goblin hits you with a +0 dagger.
You die...

.....)....<...#.###.##.##.##..#..
###...##......#.# #.##....#...###
#...##......#.# #........####
#...##......#.###.(.......#####
#...##......#..................
####....>...#.##.......<.######
..........##.........#
..........#gg.........#
#.#.#@##.######## #..ggg##.#
#.##g###.# #g# #.#


gg. .# ....# .# ?....# .# #####.g gg You could see Robin, 2 hobgoblins and 6
goblins.

Vanquished Creatures
  Sigmund (D:3)
  Natasha (twice) (D:3)
  Jessica (D:3)
  A gnoll (D:1)
  2 adders
  A worm (D:3)
  2 dart slugs
  An orc (D:3)
  7 bats
  6 endoplasms
  2 giant cockroaches
  8 goblins
  A hobgoblin (D:2)
  12 jackals
  4 quokkas
  4 ball pythons
  5 frilled lizards
  7 kobolds
  6 rats
73 creatures vanquished.

Vanquished Creatures (collateral kills)
  6 foxfires (D:1)
6 creatures vanquished.

Vanquished Creatures (others)
  169 foxfires
  8 plants (D:1)
177 creatures vanquished.

Grand Total: 256 creatures vanquished

Notes
Turn   | Place    | Note
-------+----------+-------------------------------------------
     0 | D:1      | zxkuqyb the Deep Elf Fire Elementalist began the quest for
                  | the Orb.
     0 | D:1      | Reached XP level 1. HP: 10/10 MP: 6/6
    23 | D:1      | Reached XP level 2. HP: 15/15 MP: 1/8
   552 | D:1      | Reached XP level 3. HP: 19/19 MP: 7/9
  1509 | D:2      | Reached skill level 4 in Fire Magic
  1574 | D:2      | Learned a level 2 spell: Scorch
  1578 | D:2      | Learned a level 3 spell: Conjure Flame
  1614 | D:2      | Reached XP level 4. HP: 24/24 MP: 7/11
  1973 | D:2      | Found Atockiwu's Magic Scroll Boutique.
  1981 | D:2      | Bought a scroll of identify for 22 gold pieces
  2258 | D:3      | Noticed Sigmund
  2364 | D:3      | Noticed Natasha
  2367 | D:3      | Noticed Jessica
  2503 | D:3      | Killed Jessica
  2505 | D:3      | Killed Natasha
  2506 | D:3      | Reached XP level 5. HP: 18/28 MP: 3/13
  2652 | D:3      | Noticed Natasha
  2657 | D:3      | Killed Natasha
  2664 | D:3      | Killed Sigmund
  2665 | D:3      | Reached skill level 5 in Fire Magic
  2665 | D:3      | Reached XP level 6. HP: 32/32 MP: 3/14
  2845 | D:3      | Noticed Robin
  2854 | D:3      | HP: 1/32 [goblin[Robin] (3)]
  2854 | D:3      | Slain by a goblin

Illustrated notes

Levels and vault maps discovered:
D:1:      dpeg_arrival_short_road, layout_loops_ring, serial_bayou,
          serial_bayou_pond_c, serial_bayou_pond_a, serial_bayou_shore_a,
          serial_bayou_pond_b
D:2:      layout_loops_ring, serial_shops,
          nicolae_shop_temple_entry_statues_fountains
D:3:      layout_basic, serial_shops, nicolae_square_shop,
          gammafunk_ghost_arena, minmay_stone_trees_small, uniq_natasha,
          uniq_sigmund, uniq_jessica, uniq_robin

Skill      XL: |  1  2  3  4  5 |
---------------+----------------+-----
Conjurations   | 2 3 4 |  4.1
Dodging        | 3 4 |  4.0
Fire Magic     | 4 5 |  5.1
Spellcasting   | 4 |  4.6
Stealth        | |  2.4

Action                   |  1- 3 |  4- 6 || total
-------------------------+-------+-------++-------
Melee: Whip              |     1 |     8 ||     9
 Cast: Foxfire           |    66 |    42 ||   108
       Scorch            |       |     7 ||     7
       Conjure Flame     |       |     1 ||     1
  Use: Scroll            |       |     2 ||     2
Armor: Robe              |     6 |     8 ||    14
Dodge: Dodged            |    15 |    28 ||    43

Table legend: (Time is in decaauts)
 A = Elapsed time spent in this place.
 B = Non-inter-level travel time spent in this place.
 C = Inter-level travel time spent in this place.
 D = Time resting spent in this place.
 E = Time spent auto-exploring this place.
 F = Levels seen in this place.
 G = Mean time per level.
                   A        B        C        D        E       F      G
               +--------+--------+--------+--------+--------+-----+--------+
         Total |   2881 |   2859 |     22 |    957 |   1476 |   3 |  960.3 |
       Dungeon |   2881 |   2859 |     22 |    957 |   1476 |   3 |  960.3 |
               +--------+--------+--------+--------+--------+-----+--------+

Top non-repeatable levels by time:
     D:1: 1528 daAuts
     D:2: 953 daAuts
     D:3: 398 daAuts
